PA
YORK REVOLUTION @ DELAWARE 1787 BC
07/03/2037
 
TOP OF THE 1ST
York Revolution batting - Pitching for Delaware 1787 BC : RHP Gaberiela Tatafu
Pitching: RHP Gaberiela Tatafu
Batting: RHB Bryant Dixon 0-0: Called Strike
0-1: Foul Ball, location: 2F
0-2: Ball
1-2: Strikes out swinging
Batting: RHB James Strickland 0-0: Called Strike
0-1: Ground out 4-3 (Groundball, 4, EV 108.1 MPH)
Batting: RHB Rod Sarkies 0-0: Swinging Strike
0-1: Called Strike
0-2: Strikes out swinging
Top of the 1st over - 0 runs, 0 hits, 0 errors, 0 left on base; York 0 - Delaware 0
BOTTOM OF THE 1ST
Delaware 1787 BC batting - Pitching for York Revolution : RHP John Combs
Pitching: RHP John Combs
Batting: RHB Abhipala Srivastav 0-0: Fly out, F9 (Flyball, 9, EV 86.2 MPH)
Batting: RHB Yong-ho Jheon 0-0: Ground out 6-3 (Groundball, 56, EV 107.5 MPH)
Batting: LHB David de Meij 0-0: Called Strike
0-1: Called Strike
0-2: Ball
1-2: Ball
2-2: Foul Ball, location: 2F
2-2: Foul Ball, location: 2F
2-2: Foul Ball, location: 2F
2-2: SINGLE (Groundball, 6D, EV 108.1 MPH)
Batting: LHB Luis González 0-0: Called Strike
David de Meij steals 2nd base (no throw)
0-1: SINGLE (Line Drive, 8LS, EV 88.1 MPH)
David de Meij to third
Runner from 3rd tries for Home, SAFE, throw by CF to home
Batting: LHB Ken Norris 0-0: Called Strike
0-1: Ball
1-1: Called Strike
1-2: Strikes out swinging
Bottom of the 1st over - 1 run, 2 hits, 0 errors, 1 left on base; York 0 - Delaware 1
TOP OF THE 2ND
York Revolution batting - Pitching for Delaware 1787 BC : RHP Gaberiela Tatafu
Batting: LHB José Soriano 0-0: Foul Ball, location: 2F
0-1: Foul Ball, location: 2F
0-2: Foul Ball, location: 2F
0-2: Ball
1-2: Strikes out looking
Batting: RHB John Birges 0-0: SINGLE (Flyball, 89S, EV 90.6 MPH)
Batting: RHB Vitorio Flores 0-0: Foul Ball, location: 2F
0-1: Called Strike
0-2: Ball
1-2: Strikes out swinging
Batting: LHB Francisco Rojas 0-0: Ball
1-0: Swinging Strike
1-1: Called Strike
1-2: Ball
2-2: Strikes out looking
Top of the 2nd over - 0 runs, 1 hit, 0 errors, 1 left on base; York 0 - Delaware 1
BOTTOM OF THE 2ND
Delaware 1787 BC batting - Pitching for York Revolution : RHP John Combs
Batting: RHB Domingo Cabrera 0-0: Called Strike
0-1: Called Strike
0-2: Strikes out swinging
Batting: LHB Bill Green 0-0: Foul Ball, location: 2F
0-1: Fly out, F7 (Flyball, 7LSF, EV 77.5 MPH)
Batting: SHB Elvis Parker 0-0: Ball
1-0: Swinging Strike
1-1: SINGLE (Groundball, 34D, EV 98.8 MPH)
Batting: RHB Trevor Boele 0-0: Ball
1-0: Swinging Strike
1-1: Ball
Wild Pitch!
Elvis Parker to second
2-1: Ball
3-1: Base on Balls
Batting: RHB Abhipala Srivastav 0-0: Called Strike
0-1: DOUBLE (Line Drive, 78XD, EV 98.1 MPH)
Elvis Parker scores
Trevor Boele to third
Runner from 3rd tries for Home, SAFE, throw by CF to home
Batting: RHB Yong-ho Jheon 0-0: Called Strike
0-1: Ball
1-1: Foul Ball, location: 2F
1-2: Strikes out looking
Bottom of the 2nd over - 2 runs, 2 hits, 0 errors, 1 left on base; York 0 - Delaware 3
TOP OF THE 3RD
York Revolution batting - Pitching for Delaware 1787 BC : RHP Gaberiela Tatafu
Batting: LHB Reggie Gommers 0-0: Swinging Strike
0-1: Ball
1-1: Ball
2-1: Swinging Strike
2-2: Foul Ball, location: 2F
2-2: Strikes out swinging
Batting: RHB Steve Smith 0-0: Ball
1-0: Swinging Strike
1-1: Called Strike
1-2: Foul Ball, location: 2F
1-2: Ball
2-2: Ball
3-2: Foul Ball, location: 2F
3-2: Strikes out looking
Batting: RHB Bryant Dixon 0-0: Ball
1-0: Called Strike
1-1: Foul Ball, location: 2F
1-2: Ball
2-2: SINGLE (Groundball, 15, EV 72.5 MPH) (infield hit)
Batting: RHB James Strickland 0-0: Called Strike
0-1: Fielders Choice at 2nd, 5-4 (Groundball, 56, EV 80.6 MPH)
Top of the 3rd over - 0 runs, 1 hit, 0 errors, 1 left on base; York 0 - Delaware 3
BOTTOM OF THE 3RD
Delaware 1787 BC batting - Pitching for York Revolution : RHP John Combs
Batting: LHB David de Meij 0-0: Called Strike
0-1: Ground out 6-3 (Groundball, 6, EV 80.0 MPH)
Batting: LHB Luis González 0-0: Called Strike
0-1: Swinging Strike
0-2: Ball
1-2: Strikes out looking
Batting: LHB Ken Norris 0-0: Called Strike
0-1: Ball
1-1: Ball
2-1: Reached on error, E7 (Flyball, 7S, EV 83.8 MPH)
Batting: RHB Domingo Cabrera 0-0: Fly out, F8 (Flyball, 8RD, EV 96.9 MPH)
Bottom of the 3rd over - 0 runs, 0 hits, 1 error, 1 left on base; York 0 - Delaware 3
TOP OF THE 4TH
York Revolution batting - Pitching for Delaware 1787 BC : RHP Gaberiela Tatafu
Batting: RHB Rod Sarkies 0-0: Ball
1-0: SINGLE (Line Drive, 7S, EV 86.2 MPH)
Batting: LHB José Soriano 0-0: Ball
1-0: Ball
2-0: Ball
3-0: Base on Balls
Rod Sarkies to second
Batting: RHB John Birges 0-0: SINGLE (Line Drive, 89S, EV 101.9 MPH)
Rod Sarkies to third
José Soriano to second
Batting: RHB Vitorio Flores 0-0: Ball
1-0: GRAND SLAM HOME RUN (Flyball, 7D, EV 94.4 MPH), Distance : 368 ft
Batting: LHB Francisco Rojas 0-0: Foul Ball, location: 2F
0-1: Ball
1-1: Ball
2-1: Called Strike
2-2: Foul Ball, location: 2F
2-2: Foul Ball, location: 2F
2-2: Fly out, F9 (Flyball, 9S, EV 91.9 MPH)
Batting: LHB Reggie Gommers 0-0: Called Strike
0-1: Ball
1-1: Foul Ball, location: 2F
1-2: Foul Ball, location: 2F
1-2: Strikes out swinging
Batting: RHB Steve Smith 0-0: Ball
1-0: TRIPLE (Line Drive, 7D, EV 109.4 MPH)
Batting: RHB Bryant Dixon 0-0: Ball
1-0: Foul Ball, location: 2F
1-1: Ball
2-1: Ball
3-1: Base on Balls
Batting: RHB James Strickland 0-0: Ball
1-0: Called Strike
1-1: Swinging Strike
1-2: Foul Ball, location: 2F
1-2: SINGLE (Line Drive, 9S, EV 93.1 MPH)
Steve Smith scores
Bryant Dixon to second
Runner from 2nd tries for 3rd, SAFE, no throw by RF
Batting: RHB Rod Sarkies 0-0: Swinging Strike
0-1: Ball
1-1: Ball
2-1: Ball
3-1: Base on Balls
James Strickland to second
Batting: LHB José Soriano 0-0: Ball
1-0: Ball
2-0: Ball
3-0: Called Strike
3-1: Foul Ball, location: 2F
3-2: Strikes out swinging
Top of the 4th over - 5 runs, 5 hits, 0 errors, 3 left on base; York 5 - Delaware 3
BOTTOM OF THE 4TH
Delaware 1787 BC batting - Pitching for York Revolution : RHP John Combs
Batting: LHB Bill Green 0-0: Called Strike
0-1: Fly out, F7 (Flyball, 78D, EV 106.2 MPH)
Batting: SHB Elvis Parker 0-0: SINGLE (Line Drive, 3D, EV 106.2 MPH)
Batting: RHB Trevor Boele 0-0: Called Strike
0-1: Fly out, F7 (Line Drive, 7, EV 96.9 MPH)
Batting: RHB Abhipala Srivastav 0-0: Foul Ball, location: 2F
0-1: Foul Ball, location: 2F
0-2: Strikes out looking
Bottom of the 4th over - 0 runs, 1 hit, 0 errors, 1 left on base; York 5 - Delaware 3
TOP OF THE 5TH
York Revolution batting - Pitching for Delaware 1787 BC : RHP Gaberiela Tatafu
Batting: RHB John Birges 0-0: Ball
1-0: Swinging Strike
1-1: Called Strike
1-2: Reached on error, E9 (Flyball, 9S, EV 76.9 MPH)
Batting: RHB Vitorio Flores 0-0: Called Strike
0-1: Swinging Strike
0-2: Ball
1-2: Foul Ball, location: 2F
1-2: Strikes out looking
Batting: LHB Francisco Rojas 0-0: Foul Ball, location: 2F
0-1: Ball
1-1: Ball
2-1: Ball
3-1: Foul Ball, location: 2F
3-2: Foul Ball, location: 2F
3-2: Ground out 4-3 (Groundball, 4D, EV 105.0 MPH)
John Birges to second
Batting: LHB Reggie Gommers 0-0: Ball
1-0: Foul Ball, location: 2F
1-1: Called Strike
1-2: Strikes out swinging
Top of the 5th over - 0 runs, 0 hits, 1 error, 1 left on base; York 5 - Delaware 3
BOTTOM OF THE 5TH
Delaware 1787 BC batting - Pitching for York Revolution : RHP John Combs
Batting: RHB Yong-ho Jheon 0-0: Fly out, F9 (Flyball, 9D, EV 101.2 MPH)
Batting: LHB David de Meij 0-0: Ball
1-0: SINGLE (Groundball, 34D, EV 98.8 MPH)
Batting: LHB Luis González 0-0: Swinging Strike
0-1: Ball
1-1: 2-RUN HOME RUN (Flyball, 8LXD, EV 91.9 MPH), Distance : 438 ft
Batting: LHB Ken Norris 0-0: Ground out 4-3 (Groundball, 4, EV 75.6 MPH)
Batting: RHB Domingo Cabrera 0-0: Called Strike
0-1: Ball
1-1: Ground out 1-3 (Groundball, 34S, EV 61.2 MPH)
Bottom of the 5th over - 2 runs, 2 hits, 0 errors, 0 left on base; York 5 - Delaware 5
TOP OF THE 6TH
York Revolution batting - Pitching for Delaware 1787 BC : RHP Gaberiela Tatafu
Pitching: RHP Don Yi
Batting: RHB Steve Smith 0-0: Ball
1-0: Foul Ball, location: 2F
1-1: Ground out 6-3 (Groundball, 56, EV 98.1 MPH)
Batting: RHB Bryant Dixon 0-0: Ball
1-0: SINGLE (Line Drive, 9S, EV 110.6 MPH)
Batting: RHB James Strickland 0-0: Called Strike
0-1: Called Strike
0-2: Ball
1-2: Ball
Bryant Dixon steals 2nd base
2-2: Ground out 6-3 (Groundball, 6, EV 106.9 MPH)
Batting: RHB Rod Sarkies 0-0: Ground out 6-3 (Groundball, 6, EV 101.9 MPH)
Top of the 6th over - 0 runs, 1 hit, 0 errors, 1 left on base; York 5 - Delaware 5
BOTTOM OF THE 6TH
Delaware 1787 BC batting - Pitching for York Revolution : RHP John Combs
Batting: LHB Bill Green 0-0: Ball
1-0: Called Strike
1-1: Foul Ball, location: 2F
1-2: Strikes out swinging
Batting: SHB Elvis Parker 0-0: Ball
1-0: Called Strike
1-1: Ball
2-1: Ball
3-1: Ground out U3 (Groundball, 34, EV 80.0 MPH)
Batting: RHB Trevor Boele 0-0: Foul Ball, location: 2F
0-1: Called Strike
0-2: Foul Ball, location: 2F
0-2: Strikes out swinging
Bottom of the 6th over - 0 runs, 0 hits, 0 errors, 0 left on base; York 5 - Delaware 5
TOP OF THE 7TH
York Revolution batting - Pitching for Delaware 1787 BC : RHP Don Yi
Batting: LHB José Soriano 0-0: Ball
1-0: Ball
2-0: Ball
3-0: Called Strike
3-1: Base on Balls
Batting: RHB John Birges 0-0: Grounds into double play, 6-4-3 (Groundball, 56, EV 108.1 MPH)
Batting: RHB Vitorio Flores 0-0: Foul Ball, location: 2F
0-1: Foul Ball, location: 2F
0-2: Strikes out looking
Top of the 7th over - 0 runs, 0 hits, 0 errors, 0 left on base; York 5 - Delaware 5
BOTTOM OF THE 7TH
Delaware 1787 BC batting - Pitching for York Revolution : RHP John Combs
Batting: RHB Abhipala Srivastav 0-0: Fly out, F7 (Line Drive, 7, EV 90.6 MPH)
Batting: RHB Yong-ho Jheon 0-0: Called Strike
0-1: Ball
1-1: SINGLE (Line Drive, 4D, EV 95.0 MPH)
Batting: LHB David de Meij 0-0: Called Strike
0-1: Ball
1-1: Ball
2-1: Fielders Choice at 2nd, 3-6 (Groundball, 3, EV 94.4 MPH)
Batting: LHB Luis González 0-0: Ball
1-0: Ball
2-0: Ground out 4-3 (Groundball, 4, EV 81.9 MPH)
Bottom of the 7th over - 0 runs, 1 hit, 0 errors, 1 left on base; York 5 - Delaware 5
TOP OF THE 8TH
York Revolution batting - Pitching for Delaware 1787 BC : RHP Don Yi
Batting: LHB Francisco Rojas 0-0: Fly out, F7 (Line Drive, 7, EV 101.9 MPH)
Batting: LHB Reggie Gommers 0-0: Ball
1-0: Ball
2-0: Ball
3-0: Called Strike
3-1: Ground out U3 (Groundball, 3, EV 82.5 MPH)
Batting: RHB Steve Smith 0-0: Called Strike
0-1: Foul Ball, location: 2F
0-2: Strikes out swinging
Top of the 8th over - 0 runs, 0 hits, 0 errors, 0 left on base; York 5 - Delaware 5
BOTTOM OF THE 8TH
Delaware 1787 BC batting - Pitching for York Revolution : RHP John Combs
Batting: LHB Ken Norris 0-0: DOUBLE (Line Drive, 78XD, EV 106.9 MPH)
Batting: RHB Domingo Cabrera 0-0: Intentional Walk
Pitching: LHP Jorge Martínez
Batting: LHB Bill Green 0-0: Sac Bunt to 23 - play at first, batter OUT! 3-4
Ken Norris to third
Domingo Cabrera to second
Batting: SHB Elvis Parker 0-0: Ball
1-0: Swinging Strike
1-1: Called Strike
1-2: Strikes out swinging
Batting: RHB Trevor Boele 0-0: SINGLE (Groundball, 6MD, EV 101.2 MPH)
Ken Norris scores
Domingo Cabrera to third
Runner from 3rd tries for Home, SAFE, throw by CF to home
Trevor Boele to second
Batting: RHB Abhipala Srivastav 0-0: Called Strike
0-1: Swinging Strike
0-2: Ball
1-2: Strikes out looking
Bottom of the 8th over - 2 runs, 2 hits, 0 errors, 1 left on base; York 5 - Delaware 7
TOP OF THE 9TH
York Revolution batting - Pitching for Delaware 1787 BC : RHP Don Yi
Pitching: LHP Ales Kretky
Now at 2B: Marc Cadiou
Batting: RHB Bryant Dixon 0-0: Ball
1-0: Ball
2-0: Called Strike
2-1: Foul Ball, location: 2F
2-2: Fly out, F7 (Line Drive, 7, EV 91.2 MPH)
Batting: RHB James Strickland 0-0: Swinging Strike
0-1: Foul Ball, location: 2F
0-2: Ball
1-2: Ball
2-2: Fly out, F1 (Line Drive, P, EV 71.2 MPH)
Batting: RHB Rod Sarkies 0-0: Ball
1-0: Called Strike
1-1: Fly out, F9 (Line Drive, 9, EV 92.5 MPH)
Top of the 9th over - 0 runs, 0 hits, 0 errors, 0 left on base; York 5 - Delaware 7
Thursday, January 23rd, 2020 - OOTP Baseball 20.8 Build 74